 Dungeon Crawl Stone Soup version 0.30.1-9-gdf580d7c3d (webtiles) character file.

Game seed: 6433170209682230275

212 HagarQim the Sneak (level 5, 0/32 HPs)
             Began as an Octopode Earth Elementalist on Oct 3, 2023.
             Was a Believer of Ru.
             Constricted to death by a ball python (1 damage)
             ... on level 3 of the Dungeon.
             The game lasted 00:07:28 (2525 turns).

HagarQim the Sneak (Octopode Earth Elementalist)    Turns: 2525, Time: 00:07:29

Health: 0/32       AC:  8    Str: 13    XL:     5   Next: 89%
Magic:  5/9        EV: 10    Int: 19    God:    Ru [**....]
Gold:   214        SH:  0    Dex: 13    Spells: 4/10 levels left

rFire   . . .        k - +1 mace (protect)
rCold   . . .        (helmet restricted)
rNeg    . . .        (no amulet)
rPois   .            e - +6 ring of strength
rElec   .            t - ring of see invisible
rCorr   .            (no ring)
SInv    +            (no ring)
Will    .....        (no ring)
Stlth   ++++         (no ring)
HPRegen 0.25/turn    (no ring)
MPRegen 0.11/turn

%: no passive effects
@: under a protective aura, constricted
A: almost no armour, amphibious, 7 rings, camouflage 1, gelatinous body 1,
missing a hand, (nimble swimmer 1), tentacles
a: Renounce Religion, Sacrifice Experience, Sacrifice Purity, Sacrifice an Eye,
Reject Sacrifices


You were on level 3 of the Dungeon.
You worshipped Ru.
Ru was pleased with you.
You visited 1 branch of the dungeon, and saw 4 of its levels.

You collected 214 gold pieces.

Inventory:

Hand Weapons
 k - a +1 mace of protection (weapon)
 p - a +1 dagger of venom
Magical Staves
 d - a staff of earth
Jewellery
 e - a +6 ring of strength (left tentacle)
 t - a ring of see invisible (right tentacle)
Wands
 r - a wand of flame (29)
 u - a wand of charming (9)
Scrolls
 b - 2 scrolls of immolation {unknown}
 c - 2 scrolls of noise
 h - 4 scrolls of vulnerability
 l - 2 scrolls of torment
 m - a scroll of amnesia {unknown}
 n - 3 scrolls of teleportation {unknown}
 q - a scroll of blinking {unknown}
 s - a scroll of enchant armour {unknown}
Potions
 a - 3 potions of magic
 f - a potion of flight {unknown}
 g - a potion of haste {unknown}
 i - 2 potions of curing {unknown}
 j - 2 potions of attraction
 o - a potion of degeneration {unknown}


   Skills:
 + Level 0.5 Fighting
 + Level 0.7 Short Blades
 + Level 1.6(1.7) Maces & Flails
 + Level 0.3(1.1) Staves
 + Level 2.3 Dodging
 + Level 4.8 Stealth
 * Level 3.1 Spellcasting
 + Level 1.0 Transmutations
 * Level 3.9 Earth Magic


You had 4 spell levels left.
You knew the following spells:

 Your Spells              Type           Power      Damage    Failure   Level
a - Sandblast             Erth           36%        2d10      3%          1
b - Stone Arrow           Conj/Erth      20%        3d8       21%         3
c - Blink                 Tloc           4%         N/A       22%         2

Your spell library contained the following spells:

 Spells                   Type           Power      Damage    Failure   Level
 Passwall                 Tmut/Erth      10%        N/A       9%          2
 Lesser Beckoning         Tloc           4%         N/A       22%         2
 Momentum Strike          Conj/Tloc      4%         3d8       22%         2
 Petrify                  Tmut/Erth      12%        N/A       47%         4


Dungeon Overview and Level Annotations

Branches:
Dungeon (4/15)
 Temple: D:4-7

Altars:
Ru

Annotations:
D:4 Pikel


Innate Abilities, Weirdness & Mutations

You cannot wear most types of armour.
You are amphibious.
You can wear up to seven rings at the same time.
Your skin changes colour to match your surroundings (Stealth+).
Your rubbery body absorbs attacks. (AC +1, EV +1)
You are missing a hand.
((You are camouflaged when in or above water. (Stealth+)))
You have tentacles for arms and can constrict up to seven enemies at once.


Message History

Unknown command.
You hit the lemure.
The lemure is moderately wounded.
You constrict the lemure. The adder misses you. The lemure barely misses you.
The adder misses you. The ball python closely misses you.
The ball python barely misses you.
Unknown command.
You hit the lemure but do no damage.
You squeeze the lemure, but do no damage.
The lemure is heavily wounded.
You constrict the lemure. The adder barely misses you.
The lemure barely misses you.
The ball python bites you but does no damage.
The ball python grabs you. The ball python constricts you.
The kobold hits you but does no damage. The lemure hits you.
* * * LOW HITPOINT WARNING * * *
The adder barely misses you.
You hit the lemure but do no damage. You squeeze the lemure.
The lemure is almost dead.
You constrict the lemure, but do no damage.
The ball python bites you but does no damage.
The ball python constricts you. The adder bites you but does no damage.
The kobold hits you but does no damage. The ball python bites you.
* * * LOW HITPOINT WARNING * * *
The ball python constricts you. The lemure hits you.
* * * LOW HITPOINT WARNING * * *
You hit the lemure.
You kill the lemure!
That felt strangely unrewarding.
The adder bites you but does no damage.
The ball python bites you but does no damage.
The ball python constricts you. The kobold barely misses you.
The adder is stunned by your conviction and fails to attack.
The ball python misses you. The ball python constricts you.
You hit the adder. Your grab misses the adder.
The adder is moderately wounded.
The adder bites you.
* * * LOW HITPOINT WARNING * * *
The kobold barely misses you. The adder bites you but does no damage.
The ball python barely misses you. The ball python constricts you.
You die...

######
#.....#....♣
##............♣♣
#...............
#........[......
#...............
#.K.............
#@S.............##
#.S..............†
##.............###
#)....#.....
########.# # # #.


You could see an adder, a ball python and a kobold.

Vanquished Creatures
  A black bear (D:4)
  2 lemures
  A jelly (D:4)
  3 adders
  A worm (D:2)
  6 orcs (D:4)
  4 bats
  4 endoplasms
  3 giant cockroaches
  3 goblins
  4 hobgoblins (D:1)
  5 jackals (D:1)
  3 kobolds
  4 quokkas
  6 ball pythons
  2 frilled lizards
  2 rats
54 creatures vanquished.

Notes
Turn   | Place    | Note
-------+----------+-------------------------------------------
     0 | D:1      | HagarQim the Octopode Earth Elementalist began the quest
                  | for the Orb.
     0 | D:1      | Reached XP level 1. HP: 11/11 MP: 3/3
   141 | D:1      | Found a faded altar of an unknown god.
   147 | D:1      | Reached XP level 2. HP: 17/17 MP: 3/5
   209 | D:1      | Prayed at the altar of an unknown god.
   209 | D:1      | Became a worshipper of Ru the Awakened
   231 | D:1      | Gained mutation: You are missing a hand. [Ru sacrifice]
   231 | D:1      | Reached * piety under Ru
   231 | D:1      | Reached ** piety under Ru
   297 | D:1      | Reached skill level 3 in Stealth
   462 | D:1      | Reached XP level 3. HP: 21/21 MP: 6/6
  1562 | D:2      | Reached XP level 4. HP: 27/27 MP: 8/8
  1815 | D:3      | Learned a level 3 spell: Stone Arrow
  1818 | D:3      | Learned a level 2 spell: Blink
  1915 | D:4      | Reached skill level 4 in Stealth
  2088 | D:4      | Noticed a black bear
  2091 | D:4      | Killed a black bear
  2092 | D:4      | Reached skill level 1 in Maces & Flails
  2092 | D:4      | Reached XP level 5. HP: 32/32 MP: 5/9
  2494 | D:4      | Noticed a lemure
  2494 | D:4      | Noticed a lemure
  2506 | D:4      | Noticed Pikel
  2516 | D:4      | Killed a lemure
  2524 | D:3      | Killed a lemure
  2525 | D:3      | HP: 1/32 [adder (2)]
  2525 | D:3      | Constricted to death by a ball python

Illustrated notes

Levels and vault maps discovered:
D:1:      ldierk_walled_garden_2, layout_loops_ring,
          hellmonk_ecumenical_altar_dog_temple, kennysheep_minor_cross
D:2:      layout_loops_corners, minmay_pentomino_z4
D:3:      layout_rooms, chequers_arboretum, chequers_garden, kennysheep_nub
D:4:      layout_basic, uniq_pikel

Skill      XL: |  1  2  3  4 |
---------------+-------------+-----
Stealth        | 3 4 |  4.8
Maces & Flails | 1 |  1.6
Spellcasting   | 3 |  3.1
Fighting       | |  0.5
Short Blades   | |  0.7
Staves         | |  0.3
Dodging        | |  2.3
Transmutations | |  1.0
Earth Magic    | |  3.9

Action                     |  1- 3 |  4- 6 || total
---------------------------+-------+-------++-------
  Melee: Dagger            |    21 |       ||    21
         Unarmed           |     3 |       ||     3
         Tentacles         |    12 |     6 ||    18
         Constrict         |    11 |     8 ||    19
         Mace              |    35 |    13 ||    48
         Punch             |     1 |     1 ||     2
         Staff             |       |    17 ||    17
   Cast: Sandblast         |     9 |    23 ||    32
 Invoke: Sacrifice a Hand  |     1 |       ||     1
    Use: Scroll            |       |     4 ||     4
   Stab: Sleeping          |    10 |     2 ||    12
         Distracted        |     1 |       ||     1
 Armour: Skin              |    10 |    13 ||    23
  Dodge: Dodged            |    35 |    34 ||    69
